 Dungeon Crawl Stone Soup version 0.28.0-45-g0d030f2227 (webtiles) character file.

Game seed: 10460305200543546485

1 GigaChad the Skirmisher (level 1, -1/19 HPs)
             Began as a Palentonga Fighter on Apr 19, 2022.
             Succumbed to a goblin's poison
             ... on level 1 of the Dungeon.
             The game lasted 00:00:49 (58 turns).

GigaChad the Skirmisher (Palentonga Fighter)          Turns: 58, Time: 00:00:50

Health: -1/19      AC:  6    Str: 19    XL:     1   Next: 16%
Magic:  1/1        EV:  7    Int:  8    God:
Gold:   18         SH:  4    Dex:  9    Spells: 0/0 levels left

rFire   . . .      SeeInvis +   a - +0 long sword
rCold   . . .      Faith    .   c - +0 buckler
rNeg    . . .      Spirit   .   b - +0 scale mail
rPois   .          Reflect  .   (no helmet)
rElec   .          Harm     .   (no cloak)
rCorr   .          Rampage  .   (no gloves)
Will    .....                   (no barding)
Stlth   ..........              (no amulet)
HPRegen 0.06/turn               (no ring)
MPRegen 0.07/turn               (no ring)

@: lethally poisoned (-1 -> -25)
A: large, rugged brown scales 3, see invisible, deformed body, roll 1, armoured
tail
a: Rolling Charge


You were on level 1 of the Dungeon.
You visited 1 branch of the dungeon, and saw 1 of its levels.

You collected 18 gold pieces.

Inventory:

Hand Weapons
 a - a +0 long sword (weapon)
 e - a +3 hand axe
Armour
 b - a +0 scale mail (worn)
 c - a +0 buckler (worn)
Potions
 d - a potion of might


   Skills:
 + Level 3.0 Fighting
 + Level 2.0 Long Blades
 + Level 2.4 Armour
 + Level 2.4 Shields


You couldn't memorise any spells.
You didn't know any spells.
Your spell library was empty.

Dungeon Overview and Level Annotations

Branches:
Dungeon (1/15)

Altars:


Innate Abilities, Weirdness & Mutations

You are completely covered in rugged brown scales. (AC +3, +7% HP)
You have supernaturally acute eyesight. (SInv)
Armour fits poorly on your strangely shaped body.
You can roll at nearby foes to attack.
You have a long armoured tail.


Message History

A goblin comes into view. It is wielding a +0 club.
The goblin shouts!
The goblin hits you with a +0 club. The goblin hits you with a +0 club.
You barely miss the goblin. The goblin barely misses you.
You closely miss the goblin.
Your tail-slap misses the goblin.
The goblin hits you with a +0 club. x2
You closely miss the goblin.
Your tail-slap misses the goblin.
The goblin barely misses you.
You barely miss the goblin. The goblin barely misses you.
You slash the goblin!
You kill the goblin!
Things that are here:
a +0 club; a goblin corpse
Found an escape hatch in the floor.
You now have 18 gold pieces.
You see here a +3 hand axe.
e - a +3 hand axe A goblin comes into view.
It is wielding a +1 dagger of venom.
The goblin shouts!
A rat comes into view.
Found a coppery potion.
There is an escape hatch in the floor here.
The goblin hits you but does no damage.
You are poisoned.
You feel sick.
The goblin hits you with a +1 dagger of venom.
You are lethally poisoned!
There is an escape hatch in the floor here.
You hit the goblin.
Your tail-slap misses the goblin.
The goblin is moderately wounded.
* * * LOW HITPOINT WARNING * * *
You feel very sick. The goblin hits you but does no damage.
You are more poisoned.
The goblin hits you but does no damage.
You are more poisoned.
You closely miss the goblin.
The goblin is moderately wounded.
You die...

#≈.§§≈.≈##.# .#
#≈≈.§§§≈##.##.#
###≈≈...≈§##.#.!
#...≈.<.§§§..#.#
#?.#≈§..§≈§#..#.###.# #
. #§≈.≈.≈≈##.......#
#.. #§§≈≈≈.≈#....#####
+....##'###'##..r......
#...........##.@g.#####
##.......######.#.#
##.....## ###.# ##...##
.r ##+# .#. .# #


You could see a goblin and a rat.

Vanquished Creatures
  A goblin (D:1)
1 creature vanquished.

Notes
Turn   | Place    | Note
-------+----------+-------------------------------------------
     0 | D:1      | GigaChad the Palentonga Fighter began the quest for the
                  | Orb.
     0 | D:1      | Reached XP level 1. HP: 19/19 MP: 1/1
    58 | D:1      | Succumbed to a goblin's poison

Illustrated notes

Levels and vault maps discovered:
D:1:      ncdulo_lavacross, layout_loops_corners, serial_forest,
          infiniplex_forest_straight_5, infiniplex_forest_diagonal,
          infiniplex_forest_clump_diagonal, infiniplex_forest_straight_2,
          infiniplex_forest_clump_medium, infiniplex_forest_straight_1,
          infiniplex_forest_lined_ring, infiniplex_forest_clump_tiny

Action                   || total
-------------------------++-------
Melee: Long sword        ||     7
Armor: Scale mail        ||     3
Dodge: Dodged            ||     3
